 Dungeon Crawl Stone Soup version 0.31-a0-214-gb37851dbb3 (webtiles) character file.

Game seed: 7958502265473833984

65 qw the Shooter (level 3, -4/29 HPs)
             Began as a Minotaur Hexslinger on July 1, 2023.
             Slain by a scorpion (6 damage)
             ... on level 3 of the Dungeon.
             The game lasted 00:00:46 (2465 turns).

qw the Shooter (Minotaur Hexslinger)                Turns: 2465, Time: 00:00:46

Health: -4/29      AC:  4    Str: 12    XL:     3   Next: 92%
Magic:  3/3        EV: 12    Int: 10    God:
Gold:   282        SH:  0    Dex: 14    Spells: 3/4 levels left

rFire   . . .        Y - +1 sling
rCold   . . .        (no shield)
rNeg    . . .        h - +0 leather armour
rPois   .            (helmet restricted)
rElec   .            (no cloak)
rCorr   .            (no gloves)
SInv    .            c - +0 pair of boots
Will    .....        (no amulet)
Stlth   +            (no ring)
HPRegen 0.24/turn    (no ring)
MPRegen 0.08/turn

%: no passive effects
@: lethally poisoned (-4 -> -13)
A: horns 2, retaliatory headbutt
a: no special abilities


You were on level 3 of the Dungeon.
You visited 1 branch of the dungeon, and saw 3 of its levels.

You collected 331 gold pieces.
You spent 49 gold pieces at shops.


Innate Abilities, Weirdness & Mutations

You have a pair of horns on your head.
You reflexively headbutt those who attack you in melee.


   Skills:
 - Level 2.0 Fighting
 + Level 4.4 Ranged Weapons
 - Level 2.1 Dodging
 - Level 1.0 Spellcasting
 - Level 2.0 Hexes


You had 3 spell levels left.
You knew the following spells:

 Your Spells              Type           Power      Damage    Failure   Level
a - Slow                  Hex            16%        N/A       19%         1

Your spell library contained the following spells:

 Spells                   Type           Power      Damage    Failure   Level
 Inner Flame              Hex/Fire       2%         N/A       65%         3
 Portal Projectile        Hex/Tloc       4%         N/A       65%         3
 Cause Fear               Hex            2%         N/A       88%         4

Inventory:

Hand Weapons
 Y - a +1 sling (weapon)
Armour
 c - a +0 pair of boots (worn)
 h - a +0 leather armour (worn)
 l - a +0 cloak
Scrolls
 b - 3 scrolls of blinking {unknown}
Potions
 a - a potion of mutation {unknown}
 d - a potion of berserk rage {unknown}
 e - a potion of heal wounds {unknown}
 f - a potion of haste
 g - 2 potions of curing
 i - a potion of magic {unknown}
 j - a potion of might {unknown}
 k - 2 potions of enlightenment

Dungeon Overview and Level Annotations

Branches:
Dungeon (3/15)

Altars:
Hepliaklqana

Shops:
D:2 [


Message History

There is an open door here.
You see here a wand of flame (17).
There is an open door here.
You open the door.
There is an open door here.
A scorpion comes into view.
Enter note:
Enter note:
Enter note:
Enter note: You shoot a sling bullet.
The sling bullet hits the scorpion but does no damage.
You shoot a sling bullet. The sling bullet hits the scorpion.
The scorpion is lightly wounded.
You shoot a sling bullet.
The sling bullet completely misses the scorpion.
You shoot a sling bullet. The sling bullet hits the scorpion!
The scorpion is heavily wounded.
The scorpion barely misses you.
You shoot a sling bullet. The sling bullet hits the scorpion!
The scorpion is almost dead.
The scorpion stings you.
You are poisoned.
The scorpion poisons you! The scorpion stings you.
You are lethally poisoned!
The scorpion poisons you!
You shoot a sling bullet.
The sling bullet hits the scorpion but does no damage.
The scorpion is almost dead.
You feel extremely sick. The scorpion misses you.
You shoot a sling bullet.
The sling bullet barely misses the scorpion.
You feel very sick. The scorpion stings you!
The scorpion completely misses you.
You shoot a sling bullet. The sling bullet hits the scorpion.
The scorpion is almost dead.
You feel very sick. The scorpion stings you.
You die...

......)))......<#
......#.#....####
......#.#....#
......#.#....#
......#......# .
.....####...... ## ...
.....# #####.. .##....
.....############.......
................@s......
##########.....#######.#
#.'.....'.......
#.#.....########
########.#######
....#....# .##.#.####
.##/#.# .##.#.#


You could see a scorpion.

Vanquished Creatures
  A worm (D:3)
  A dart slug (D:2)
  5 orcs (D:3)
  7 endoplasms
  A giant cockroach (D:1)
  3 goblins
  5 hobgoblins
  3 jackals (D:1)
  5 kobolds
  3 quokkas
  7 ball pythons
  3 bats
  3 frilled lizards
  3 rats (D:1)
50 creatures vanquished.

Notes
Turn   | Place    | Note
-------+----------+-------------------------------------------
     0 | D:1      | qw the Minotaur Hexslinger began the quest for the Orb.
     0 | D:1      | Reached XP level 1. HP: 16/16 MP: 1/1
     0 | D:1      | 0 ||| qw: Version: 0.3-a-32-g5962c71
     0 | D:1      | 0 ||| qw: Game counter: 7607
     0 | D:1      | 0 ||| qw: Melee chars always use a shield: true
     0 | D:1      | 0 ||| qw: God list: Okawaru
     0 | D:1      | 0 ||| qw: Allow faded altars: false
     0 | D:1      | 0 ||| qw: Do Orc after clearing Dungeon:15 true
     0 | D:1      | 0 ||| qw: Do second Lair branch before Depths: true
     0 | D:1      | 0 ||| qw: Lair rune preference: random
     0 | D:1      | 0 ||| qw: Goals: Normal
     0 | D:1      | 0 ||| PLANNING D:1-11
   188 | D:1      | Reached skill level 3 in Ranged Weapons
   188 | D:1      | Reached XP level 2. HP: 10/23 MP: 2/2
   895 | D:1      | 895 ||| UPGRADING to +0 leather armour.
   905 | D:1      | 905 ||| DROPPING +0 robe.
   906 | D:1      | 906 ||| READING scroll labelled OCOREN LE HEC.
   907 | D:1      | 907 ||| DRINKING 2 ruby potions.
   908 | D:1      | 908 ||| DRINKING 3 glowing silvery potions.
   909 | D:1      | 909 ||| DROPPING scroll of poison.
  1099 | D:2      | Reached XP level 3. HP: 29/29 MP: 3/3
  1267 | D:2      | 1267 ||| FLEEEEING.
  1268 | D:2      | 1268 ||| FLEEEEING.
  1269 | D:2      | 1269 ||| FLEEEEING.
  1309 | D:2      | Found Ywuocwiun's Armour Shop.
  1324 | D:2      | 1324 ||| BUYING +0 pair of boots (49 gold).
  1324 | D:2      | Bought a +0 pair of boots for 49 gold pieces
  1324 | D:2      | 1324 ||| SHOPLISTING +1 hat of intelligence (176 gold, have
                  | 121).
  1324 | D:2      | 1324 ||| SHOPLISTING +2 leather armour of poison resistance
                  | (176 gold, have 121).
  1324 | D:2      | 1324 ||| SHOPLISTING +2 robe of willpower (194 gold, have
                  | 121).
  1808 | D:2      | 1808 ||| UPGRADING to +0 pair of boots.
  1813 | D:2      | 1813 ||| READING scroll labelled QUACZIU SOCE.
  1814 | D:2      | 1814 ||| READING 3 scrolls labelled PUQYNA LUTA.
  1815 | D:2      | 1815 ||| DRINKING 2 amethyst potions.
  1816 | D:2      | 1816 ||| DROPPING 2 scrolls of fear.
  1941 | D:3      | Reached skill level 4 in Ranged Weapons
  1999 | D:3      | Found a hazy altar of Hepliaklqana.
  2457 | D:3      | Noticed a scorpion
  2464 | D:3      | HP: 6/29 [scorpion (7)]
  2465 | D:3      | HP: 2/29 [poisoned by a scorpion]
  2465 | D:3      | Slain by a scorpion

Levels and vault maps discovered:
D:1:      psy_arrival_radial02, layout_basic, minmay_pentomino_r4
D:2:      layout_loops_ring, serial_shops, shop_coins, serial_rivers,
          chequers_serial_rivers_small_3, chequers_serial_rivers_small_b,
          chequers_serial_rivers_large_a, chequers_serial_rivers_room_b,
          dreamdust_wishing_well
D:3:      layout_basic, cheibrodos_ashenzari_chains, nzn_hepliaklqana_mist_gate,
          dreamdust_ecumenical_altar_angels_and_demons

Skill      XL: |  1  2  3 |
---------------+----------+-----
Ranged Weapons | 3 4 |  4.4
Fighting       | 2 |  2.0
Dodging        | |  2.1
Spellcasting   | |  1.0
Hexes          | |  2.0

Action                     || total
---------------------------++-------
   Fire: Sling             ||   170
    Use: Potion            ||     3
         Scroll            ||     3
 Armour: Robe              ||    10
         Leather armour    ||     7
  Dodge: Dodged            ||    53

Table legend:
 A = Non-vault XP
 B = Vault XP
 C = Vault XP percentage of total XP
 D = Non-vault monster count
 E = Vault monster count
 F = Vault count percentage of total count
                 A         B        C        D         E       F
            +---------+---------+-------+---------+---------+-------
      Total |      89 |       4 |   4.3 |      47 |       3 |   6.0
            +---------+---------+-------+---------+---------+-------
        D:1 |      29 |       4 |  12.1 |      19 |       3 |  13.6
        D:2 |      24 |       0 |   0.0 |      13 |       0 |   0.0
        D:3 |      36 |       0 |   0.0 |      15 |       0 |   0.0
            +---------+---------+-------+---------+---------+-------
